Map: Prion Terraces

Players

ILLBdA

  • Race: Protoss Protoss
  • League: Diamond

OVERWHELMING - Winner!

  • Race: Terran Terran
  • League: Platinum

VOD

Have the link to the VOD?

Description

Time

  • Played on: Dec. 30, 2015, 7:08 a.m.
  • Length: 10:06
Show
View Real Time Build Order
Export as new Build Order

ILLBdA Protoss 

Build Orders: Cannon Rush 

Get SALT Encoding   

  12  0:01  Probe (Chrono Boost)  
  13  0:11  Probe (Chrono Boost)  
  14  0:19  Pylon  
  14  0:24  Probe (Chrono Boost)  
  15  0:37  Probe (Chrono Boost)  
  15  0:38  Forge  
  16  0:48  Probe (Chrono Boost)  
  17  0:59  Probe (Chrono Boost)  
  18  1:09  Probe (Chrono Boost)  
  19  1:14  Pylon  
  19  1:20  Probe (Chrono Boost)  
  20  1:30  Probe (Chrono Boost)  
  21  1:34  Photon Cannon  
  21  1:38  Photon Cannon  
  21  1:39  Pylon  
  21  1:41  Gateway  
  21  1:47  Pylon  
  20  1:56  Photon Cannon  
  20  2:08  Photon Cannon  
  20  2:13  Gateway  
  20  2:17  Photon Cannon  
  20  2:26  Photon Cannon  
  20  2:30  Zealot (Chrono Boost)  
  22  2:41  Photon Cannon  
  22  2:57  Zealot (Chrono Boost)  
  24  3:00  Zealot (Chrono Boost)  
  26  3:09  Photon Cannon  
  23  3:24  Zealot (Chrono Boost)  
  23  3:48  Zealot (Chrono Boost)  
  21  4:00  Photon Cannon  
  21  4:03  Assimilator  
  21  4:06  Gateway  
  21  4:07  Cybernetics Core  
  21  4:12  Assimilator  
  21  4:15  Probe  
  20  4:25  Probe  
  21  4:44  Gateway  
  21  4:45  Warp Gate (Chrono Boost)  
  21  4:48  Probe  
  22  4:57  Pylon  
  22  5:06  Nexus  
  22  5:08  Pylon  
  22  5:15  Mothership Core (Chrono Boost)  
  22  5:16  Adept (Chrono Boost)  
  26  5:31  Adept (Chrono Boost)  
  29  5:35  Probe  
  31  5:44  Robotics Facility  
  31  5:46  Adept (Chrono Boost)  
  31  5:55  Adept (Chrono Boost)  
  33  6:07  Gateway  
  35  6:13  Adept (Chrono Boost)  
  37  6:23  Gateway  
  37  6:32  Probe  
  37  6:33  Probe  
  37  6:36  Observer  
  38  6:43  Robotics Bay  
  38  6:45  Probe  
  39  6:47  Adept  
  39  6:48  Adept  
  39  6:49  Probe  
  44  6:57  Probe  
  45  7:03  Probe  
  45  7:07  Assimilator  
  46  7:10  Probe  
  47  7:16  Probe (Chrono Boost)  
  47  7:20  Pylon  
  48  7:23  Probe (Chrono Boost)  
  48  7:28  Probe (Chrono Boost)  
  48  7:29  Disruptor (Chrono Boost)  
  50  7:34  Probe (Chrono Boost)  
  54  7:37  Pylon  
  54  8:02  Nexus, Disruptor (Chrono Boost)  
  57  8:12  Twilight Council  
  56  8:21  Adept x2  
  60  8:31  Pylon  
  60  8:33  Pylon  
  63  8:34  Disruptor (Chrono Boost)  
  61  8:50  Adept x2  
  65  8:58  Adept  
  67  9:25  Stalker  
  67  9:26  Stalker x2  
  63  9:45  Adept  
  65  9:59  Nexus  
Show
View Real Time Build Order
Export as new Build Order

OVERWHELMING Terran - Winner!

Build Orders:  

Get SALT Encoding   

  12  0:01  SCV  
  13  0:13  SCV  
  14  0:17  Supply Depot  
  14  0:25  SCV  
  15  0:39  SCV  
  15  0:40  Barracks  
  16  0:51  SCV  
  17  1:03  SCV  
  18  1:15  SCV  
  18  1:17  Command Center  
  19  1:27  Marine  
  19  1:30  Orbital Command  
  20  1:45  Marine  
  21  2:02  SCV  
  21  2:03  Marine  
  20  2:21  Marine  
  21  2:29  SCV  
  20  2:38  Marine  
  20  2:56  Marine  
  19  3:14  Marine  
  19  3:18  SCV  
  22  3:20  SCV  
  21  3:32  Marine  
  18  3:35  SCV x2  
  17  3:47  SCV x2  
  18  3:52  Marine  
  18  3:59  SCV  
  19  4:07  SCV  
  20  4:10  Marine  
  21  4:25  SCV  
  21  4:28  Marine  
  23  4:31  Barracks  
  23  4:33  Barracks  
  23  4:40  Orbital Command  
  23  4:45  Marine  
  23  4:51  Refinery  
  24  4:59  SCV  
  25  5:03  Marine  
  26  5:07  Supply Depot  
  26  5:08  SCV  
  26  5:14  SCV  
  27  5:20  SCV, Marine x2  
  30  5:26  SCV  
  31  5:30  Barracks Tech Lab  
  31  5:32  SCV  
  32  5:38  SCV, Engineering Bay  
  33  5:44  SCV  
  33  5:46  Supply Depot, Marine x2  
  36  5:50  SCV, Refinery x2  
  36  5:56  SCV  
  38  6:03  Factory  
  38  6:05  SCV  
  38  6:08  SCV  
  38  6:09  Marine x2  
  42  6:12  Marauder  
  42  6:17  SCV  
  45  6:21  SCV  
  46  6:27  Marine x2  
  46  6:30  SCV  
  49  6:33  SCV  
  50  6:42  SCV  
  50  6:45  SCV, Marine  
  53  6:49  Starport  
  53  6:50  Marine  
  53  6:53  Supply Depot  
  54  6:56  Factory Reactor  
  54  7:13  Terran Infantry Weapons Level 1  
  54  7:14  Marine x3  
  54  7:15  SCV x2  
  59  7:16  Supply Depot  
  59  7:22  Supply Depot  
  59  7:38  Medivac x2  
  59  7:39  Marine x2  
  59  7:40  Marauder  
  59  7:41  Stimpack  
  59  7:43  SCV  
  69  7:44  SCV  
  69  7:55  Supply Depot  
  69  7:56  Engineering Bay  
  69  8:01  Command Center  
  69  8:08  Medivac x2  
  74  8:14  Barracks Reactor x2  
  74  8:15  SCV x2  
  75  8:22  Refinery  
  75  8:31  Barracks  
  75  8:33  Barracks  
  75  8:38  Liberator  
  68  8:58  Marine  
  68  8:59  Marauder, Marine x2  
  74  9:04  SCV x2  
  76  9:14  Orbital Command  
  76  9:16  SCV x2  
  78  9:26  Barracks Tech Lab  
  78  9:27  Barracks Reactor  
  81  9:36  Supply Depot  
  81  9:37  Supply Depot, Armory, SCV x2  
  82  9:38  Refinery  
  82  9:39  Refinery  
  82  9:41  Command Center  
  81  9:50  SCV x2  
  81  9:51  SCV  
Tags
 
Add a new tag
Caveats
  • Supply blocks, unpowered buildings, or Contaminate may cause inaccurate times.
  • Supply counts are checked every 10 seconds.